cohdb
Replays
Latest Replays
All Replays
Popular Replays
Top Player Replays
Match Explorer
How It Works
Community
CoH3 Stats
Reddit
Sign in to upload your games and track your stats! →
Sign in with Steam
Match 38769519
Unlisted
Match 38769519
Overview
Messages
Build Orders
End
Construct Section Command Post
Infantry Section
Selects Indian Artillery Battlegroup
Infantry Section
ML 3-inch Mortar Team
Infantry Section
Construct Platoon Command Post
Selects War Cry
CMP 15cwt Truck
Selects Gurkha Rifles Section
Gurkha Rifles Section
6-pounder Anti-tank Gun Team
Humber Armored Car
Vickers Machine Gun Team
Gurkha Rifles Section
SmeltedElk
HaKun233
TheCook
Rony
frostie
Mael Radec
0
0
Comments
sign in to comment!
No comments posted yet!